 Dungeon Crawl Stone Soup version 0.25-a0-822-g6581751b11 (webtiles) character file.

Game seed: 12608082659094298921, levelgen mode: deterministic

6569 unvid the Archer (level 10, -15/81 HPs)
             Began as a Centaur Hunter on Apr 20, 2020.
             Was an Elder of Okawaru.
             Demolished by a large abomination (27 damage)
             ... on level 2 of the Abyss.
             The game lasted 00:19:13 (9029 turns).

unvid the Archer (Centaur Hunter)                   Turns: 9029, Time: 00:19:13

Health: -15/81     AC: 10    Str: 15    XL:     10   Next: 70%
Magic:  13/14      EV: 12    Int: 13    God:    Okawaru [****..]
Gold:   408        SH:  0    Dex: 10    Spells: 9/9 levels left

rFire    . . .     SeeInvis +   a - +2 shortbow
rCold    . . .     Gourm    .   (shield currently unavailable)
rNeg     . . .     Faith    .   j - +0 ring mail
rPois    .         Spirit   .   i - +0 helmet
rElec    .         Reflect  .   (no cloak)
rCorr    +         Harm     .   e - +0 pair of gloves
MR       .....                  (no barding)
Stlth    +.........             v - amulet of regeneration
HPRegen  0.63/turn              o - ring of resist corrosion
MPRegen  0.14/turn              s - ring of see invisible

@: heroism, heavily drained, very quick
A: large, hooves 3, deformed body, speed 2, tough skin 3
a: Heroism, Renounce Religion


You were on level 2 of the Abyss.
You worshipped Okawaru.
Okawaru was greatly pleased with you.
You were hungry.

You visited 2 branches of the dungeon, and saw 9 of its levels.
You visited the Abyss 1 time.

You collected 408 gold pieces.

Inventory:

Hand Weapons
 a - a +2 shortbow (weapon)
 b - a +1 scimitar of draining
 d - a +0 antimagic whip
 g - a +0 quarterstaff
 n - a +0 short sword
 G - a +1 falchion of flaming
Missiles
 y - 60 arrows (quivered)
Armour
 e - a +0 pair of gloves (worn)
 i - a +0 helmet (worn)
 j - a +0 ring mail (worn)
Jewellery
 o - a ring of resist corrosion (left hand)
 s - a ring of see invisible (right hand)
 u - an uncursed ring of magical power
 v - an amulet of regeneration (around neck)
 w - a cursed amulet of the acrobat
Wands
 r - a wand of polymorph (17)
 D - a wand of flame (20)
 E - a wand of disintegration (12)
Scrolls
 c - 4 scrolls of remove curse
 h - 2 scrolls of magic mapping
 k - a scroll of enchant weapon
 l - a scroll of teleportation
 m - 3 scrolls of amnesia {unknown}
 q - a scroll of immolation {unknown}
 t - a scroll of vulnerability {unknown}
 A - a scroll of fog {unknown}
 B - 3 scrolls of random uselessness {unknown}
Potions
 x - 2 potions of resistance {unknown}
 z - 2 potions of mutation {unknown}
 C - a potion of ambrosia {unknown}
 F - a potion of flight {unknown}
Comestibles
 f - 17 rations


   Skills:
 - Level 5.0(8.4) Fighting
 + Level 14.9(17.9) Bows
 * Level 4.7(8.1) Armour
 * Level 5.0(8.5) Dodging
 - Level 0.4(4.0) Stealth
 - Level 6.4(5.0) Invocations


You had 9 spell levels left.
You didn't know any spells.
Your spell library was empty.

Dungeon Overview and Level Annotations

Branches:
Dungeon (8/15)             Temple (1/1) D:4            Lair (0/6) D:8

Altars:
Dithmenos
Gozag
Hepliaklqana
Kikubaaqudgha
Makhleb
Nemelex Xobeh
Okawaru
Qazlal
Ru
Sif Muna
Trog
Uskayaw
Vehumet
Wu Jian
Xom
Yredelemnul
Zin
The Shining One

Annotations:
D:4 exclusion: oklob sapling
D:8 Psyche


Innate Abilities, Weirdness & Mutations

You have hooves in place of feet.
Armour fits poorly on your strangely shaped body.
You cover ground very quickly.
You have extremely tough skin. (AC +3)


Message History

A hell hound comes into view.
The large abomination barely misses you.
The hell hound bites you but does no damage.
The large abomination hits you.
* * * LOW HITPOINT WARNING * * *
Firing (i - inventory)
y - 62 arrows (quivered)
Press: ? - help, Shift-Dir - straight line, f - large abomination, p - hell hound
Aim: a large abomination (almost destroyed)
You shoot an arrow. The hell hound barks!
The arrow hits the large abomination but does no damage.
The large abomination is almost destroyed.
The hell hound bites you but does no damage.
Firing (i - inventory)
y - 61 arrows (quivered)
Press: ? - help, Shift-Dir - straight line, f - hell hound, p - large abomination
Aim: a hell hound You shoot an arrow.
The arrow hits the large abomination.
The large abomination is almost destroyed.
The large abomination hits you!!
You die...

. ### ≈
#.###
.#
#.h@#
#.
#.X###.
.
#(h#..
#### #.
#h# .#
.. ≈. #
# #.##.
.## ≈.
.. #.
.#. #
## .#
.#.#.
##.## #
.. .
#.(. #.
#.. . #
.. ## .
. ### .
## #


You could see a large abomination and 3 hell hounds.

Vanquished Creatures
  A hydra (D:8)
  Pikel (D:6)
  A komodo dragon (D:8)
  Prince Ribbit (D:5)
  2 dream sheep (D:8)
  Sigmund (D:5)
  2 yaks (D:8)
  A hungry ghost (D:8)
  Menkaure (D:5)
  A water moccasin (D:6)
  2 hell hounds (Abyss:2)
  A sky beast (D:8)
  An ice beast (D:8)
  A necrophage (D:6)
  6 ogres
  A phantom (D:7)
  3 centaurs
  4 big kobolds (D:8)
  Blork the orc (D:5)
  3 bullfrogs
  A wyvern zombie (D:7)
  A gnoll sergeant (D:7)
  A scorpion (D:4)
  3 howler monkeys
  13 wights
  6 crimson imps
  2 bullfrog zombies
  2 centaur zombies
  A quasit (D:8)
  4 hounds
  2 jellies
  An orc wizard (D:3)
  2 iguanas
  3 worker ants
  A hound skeleton (D:5)
  Robin (D:3)
  A howler monkey zombie (D:7)
  2 mummies
  A worker ant zombie (D:6)
  4 gnolls (D:7)
  17 adders
  A white imp (Abyss:2)
  A shadow imp (D:6)
  An ooze (D:1)
  An adder skeleton (D:4)
  4 worms
  8 dart slugs
  5 leopard geckos
  18 orcs
  7 bats
  6 giant cockroaches
  17 goblins
  6 hobgoblins
  8 jackals
  5 quokkas
  3 ball pythons
  2 ball python skeletons (D:4)
  A frilled lizard (D:1)
  13 kobolds
  8 rats
  2 plants (D:4)
221 creatures vanquished.

Vanquished Creatures (others)
  2 slaves (D:6)
  An orc (D:6)
  A plant (D:8)
4 creatures vanquished.

Grand Total: 225 creatures vanquished

Notes
Turn   | Place    | Note
-------+----------+-------------------------------------------
     0 | D:1      | unvid the Centaur Hunter began the quest for the Orb.
     0 | D:1      | Reached XP level 1. HP: 17/17 MP: 1/1
   156 | D:1      | Reached XP level 2. HP: 23/24 MP: 2/2
   167 | D:1      | Reached skill level 6 in Bows
   502 | D:1      | Reached XP level 3. HP: 28/30 MP: 3/3
  1020 | D:2      | Reached XP level 4. HP: 16/37 MP: 4/4
  1548 | D:2      | Reached skill level 7 in Bows
  1732 | D:2      | Found a stormy altar of Qazlal.
  1817 | D:2      | Found a glowing silver altar of Zin.
  2333 | D:3      | Reached XP level 5. HP: 43/45 MP: 5/5
  2499 | D:3      | Reached skill level 8 in Bows
  2724 | D:3      | Noticed Robin
  2792 | D:3      | Killed Robin
  2835 | D:3      | Reached XP level 6. HP: 10/52 MP: 6/6
  3411 | D:4      | Reached skill level 9 in Bows
  3576 | D:4      | Found a staircase to the Ecumenical Temple.
  3613 | Temple   | Entered the Ecumenical Temple
  3620 | Temple   | Became a worshipper of Warmaster Okawaru
  4337 | D:4      | Reached XP level 7. HP: 51/60 MP: 7/7
  4804 | D:5      | Entered Level 5 of the Dungeon
  4876 | D:5      | Noticed Menkaure
  4887 | D:5      | Killed Menkaure
  4887 | D:5      | Reached skill level 5 in Fighting
  4887 | D:5      | Reached skill level 10 in Bows
  5126 | D:5      | Noticed Sigmund
  5135 | D:5      | Killed Sigmund
  5135 | D:5      | Reached * piety under Okawaru
  5135 | D:5      | Reached skill level 1 in Invocations
  5215 | D:5      | Noticed Prince Ribbit
  5266 | D:5      | Killed Prince Ribbit
  5266 | D:5      | Reached skill level 11 in Bows
  5266 | D:5      | Reached XP level 8. HP: 43/68 MP: 9/9
  5473 | D:5      | Noticed Blork the orc
  5487 | D:5      | Killed Blork the orc
  5832 | D:6      | Reached ** piety under Okawaru
  5944 | D:6      | Reached skill level 12 in Bows
  6095 | D:6      | Noticed Pikel
  6122 | D:6      | Killed Pikel
  6122 | D:6      | Reached *** piety under Okawaru
  6122 | D:6      | Reached skill level 13 in Bows
  6122 | D:6      | Reached skill level 5 in Invocations
  6122 | D:6      | Reached XP level 9. HP: 58/74 MP: 12/12
  6952 | D:6      | Received a gift from Okawaru
  6952 | D:6      | Reached skill level 14 in Bows
  7098 | D:7      | Reached skill level 1 in Armour
  7249 | D:7      | Received a gift from Okawaru
  7494 | D:8      | Found an iron altar of Okawaru.
  7669 | D:8      | Found a staircase to the Lair.
  7670 | D:8      | Noticed a komodo dragon
  7711 | D:8      | Killed a komodo dragon
  7711 | D:8      | Reached XP level 10. HP: 81/81 MP: 14/14
  7946 | D:8      | Reached **** piety under Okawaru
  7967 | D:8      | Received a gift from Okawaru
  8117 | D:8      | Noticed a two-headed hydra
  8123 | D:8      | Killed a one-headed hydra
  8171 | D:8      | Received a gift from Okawaru
  8245 | D:8      | Found a shadowy altar of Dithmenos.
  8710 | D:8      | Noticed Psyche
  8723 | D:8      | Cast into level 2 of the Abyss (Psyche)
  8740 | Abyss:2  | Noticed an orange demon
  8879 | Abyss:2  | Noticed a thrashing horror
  8894 | Abyss:2  | Noticed a large abomination
  8894 | Abyss:2  | Noticed an orc sorcerer
  8895 | Abyss:2  | Noticed a thrashing horror
  8907 | Abyss:2  | Found a corrupted altar of Lugonu.
  8930 | Abyss:2  | Noticed a tentacled starspawn
  8956 | Abyss:2  | Noticed a lich
  8970 | Abyss:2  | Noticed a large abomination
  9015 | Abyss:2  | Reached skill level 5 in Dodging
  9017 | Abyss:2  | HP: 3/81 [hell hound/blast of flame (14)]
  9029 | Abyss:2  | Demolished by a large abomination

Levels and vault maps discovered:
D:1:      dpeg_arrival_short_road, layout_basic
D:2:      layout_loops_ring, nicolae_qazlal_eye_of_the_storm, zin_treasury,
          first_ration, minmay_misc_feat_four_crosses
D:3:      layout_basic, uniq_robin
D:4:      layout_loops_cross, minmay_temple_entry_oklob, serial_bayou,
          serial_bayou_lake_a, serial_bayou_pond_b, serial_bayou_pond_b,
          serial_bayou_pond_e
D:5:      layout_loops_cross, kennysheep_boxes, uniq_blork_the_orc,
          uniq_menkaure, uniq_prince_ribbit1, uniq_sigmund
D:6:      layout_basic, uniq_pikel
D:7:      layout_rooms, serial_undead, serial_undead_b, serial_undead_f,
          serial_undead_d, serial_undead_b
D:8:      layout_loops_cross, nicolae_dithmenos_shadow_blocks,
          david_lair_shrubbed, hangedman_ranch [blue_anna_fruit_fields],
          okawaru_ov_weapons_minmay, uniq_psyche
Temple:   nicolae_temple_no_exploring_needed
Abyss:2:  base: D:7, grunt_abyss_exit_deep_breaths

Skill      XL: |  1  2  3  4  5  6  7  8  9 10 |
---------------+-------------------------------+-----
Bows           | 6 7 8 9 11 13 14 | 14.9
Fighting       | 3 4 5 |  5.0
Invocations    | 2 5 6 |  6.4
Armour         | 2 4 |  4.7
Dodging        | 3 5 |  5.0
Stealth        | |  0.4

Action                   |  1- 3 |  4- 6 |  7- 9 | 10-12 || total
-------------------------+-------+-------+-------+-------++-------
Melee: Short sword       |    94 |   135 |       |       ||   229
       Kick              |    20 |    49 |    64 |    30 ||   163
       Quarterstaff      |       |   141 |   163 |       ||   304
       Scimitar          |       |       |    92 |    72 ||   164
       Falchion          |       |       |       |    17 ||    17
 Fire: Shortbow          |    26 |    55 |   159 |   114 ||   354
Invok: Heroism           |       |       |       |     1 ||     1
Evoke: Wand              |       |       |     2 |       ||     2
  Use: Potion            |       |     2 |       |     2 ||     4
       Scroll            |       |       |     7 |     2 ||     9
  Eat: Chunk             |       |    10 |     5 |     2 ||    17
       Ration            |       |       |     1 |     1 ||     2
Armor: Leather armour    |    44 |       |       |       ||    44
       Ring mail         |    16 |   166 |   152 |    89 ||   423
Dodge: Dodged            |    57 |   124 |   159 |    75 ||   415
       Rpst.: Scimitar   |       |       |    16 |    26 ||    42

Table legend:
 A = Non-vault XP
 B = Vault XP
 C = Vault XP percentage of total XP
 D = Non-vault monster count
 E = Vault monster count
 F = Vault count percentage of total count
                 A         B        C        D         E       F
            +---------+---------+-------+---------+---------+-------
      Total |    4611 |    4774 |  50.9 |     178 |      41 |  18.7
            +---------+---------+-------+---------+---------+-------
        D:1 |      53 |       0 |   0.0 |      24 |       0 |   0.0
        D:2 |      94 |       0 |   0.0 |      22 |       0 |   0.0
        D:3 |     274 |      38 |  12.2 |      32 |      13 |  28.9
        D:4 |     272 |     104 |  27.7 |      17 |       3 |  15.0
        D:5 |      62 |     747 |  92.3 |       2 |       4 |  66.7
        D:6 |    1019 |     841 |  45.2 |      28 |       3 |   9.7
        D:7 |     812 |     491 |  37.7 |      15 |       9 |  37.5
        D:8 |    1741 |    2553 |  59.5 |      35 |       9 |  20.5
    Abyss:2 |     284 |       0 |   0.0 |       3 |       0 |   0.0
            +---------+---------+-------+---------+---------+-------
